 Dungeon Crawl Stone Soup version 0.29-a0-319-gad05b8d819 (webtiles) character file.

Game seed: 10891533044386732065

17929 rabbitsville the Grappler (level 12, -6/122 HPs)
             Began as a Troll Gladiator on Apr 2, 2022.
             Was a High Priest of Wu Jian.
             Mangled by a nine-headed hydra (8 damage)
             ... on level 11 of the Dungeon.
             The game lasted 00:35:24 (10296 turns).

rabbitsville the Grappler (Troll Gladiator)        Turns: 10296, Time: 00:35:25

Health: -6/122     AC:  9    Str: 35    XL:     12   Next: 23%
Magic:  11/11      EV: 10    Int:  4    God:    Wu Jian [*****.]
Gold:   604        SH:  0    Dex: 11    Spells: 11/11 levels left

rFire   . . .      SeeInvis .     - Unarmed
rCold   . . .      Faith    .   (no shield)
rNeg    . . .      Spirit   .   V - +2 robe
rPois   .          Reflect  .   b - +0 hat
rElec   .          Harm     .   y - +2 cloak
rCorr   +          Rampage  .   (gloves unavailable)
Will    .....                   (boots unavailable)
Stlth   +.........              l - amulet of the acrobat
HPRegen 1.10/turn               j - +6 ring of strength
MPRegen 0.12/turn               x - ring of resist corrosion

@: no status effects
A: large, unfitting armour, claws 3, regeneration 1, shaggy fur 1, tough skin 1
a: Renounce Religion, Wall Jump, Serpent's Lash, Heavenly Storm


You were on level 11 of the Dungeon.
You worshipped Wu Jian.
Wu Jian was extremely pleased with you.
You visited 2 branches of the dungeon, and saw 12 of its levels.
You also visited: Sewer and Bailey.

You collected 604 gold pieces.

Inventory:

Missiles
 c - 4 throwing nets
 f - 26 poisoned darts
 H - 3 large rocks (quivered)
 I - a boomerang
Armour
 a - a +0 robe
 b - a +0 hat (worn)
 g - a scarf of repulsion
 y - a +2 cloak (worn)
 C - a +1 robe of the Archmagi
 L - +0 steam dragon scales
 V - a +2 robe (worn)
Jewellery
 j - a +6 ring of strength (left claw)
 l - an amulet of the acrobat (around neck)
 x - a ring of resist corrosion (right claw)
 D - a ring of see invisible
 T - a ring of ice
 U - a ring of fire
Wands
 z - a wand of mindburst (8)
 B - a wand of digging (4)
 K - a wand of acid (8)
 M - a wand of flame (6)
 P - a wand of iceblast (5)
Scrolls
 d - a scroll of magic mapping {unknown}
 i - 4 scrolls of noise {unknown}
 n - 4 scrolls of vulnerability {unknown}
 o - a scroll of torment {unknown}
 q - a scroll of amnesia {unknown}
 r - 9 scrolls of identify {unknown}
 s - 8 scrolls of teleportation {unknown}
 v - 4 scrolls of summoning {unknown}
 E - a scroll of brand weapon {unknown}
 G - 4 scrolls of silence {unknown}
 J - 2 scrolls of fear {unknown}
 N - a scroll of immolation {unknown}
 O - 2 scrolls of fog {unknown}
Potions
 e - a potion of degeneration {unknown}
 h - 4 potions of invisibility {unknown}
 k - 3 potions of lignification
 m - 3 potions of curing
 p - 2 potions of mutation {unknown}
 t - 3 potions of heal wounds
 u - 2 potions of might
 w - 4 potions of brilliance {unknown}
 A - 2 potions of flight {unknown}
 F - a potion of berserk rage {unknown}
 Q - 3 potions of resistance {unknown}
 R - 2 potions of cancellation {unknown}
 S - 6 potions of haste {unknown}


   Skills:
 + Level 8.7 Fighting
 + Level 6.8 Throwing
 - Level 6.0 Armour
 - Level 2.4 Dodging
 * Level 14.6 Unarmed Combat


You had 11 spell levels left.
You didn't know any spells.
Your spell library contained the following spells:

 Spells                   Type           Power      Damage    Failure   Level
 Apportation              Tloc           0%         N/A       50%         1
 Foxfire                  Conj/Fire      0%         2x1d4     50%         1
 Corpse Rot               Necr/Air       0%         N/A       65%         2
 Ensorcelled Hibernation  Hex/Ice        0%         N/A       65%         2
 Passwall                 Tmut/Erth      0%         N/A       65%         2
 Conjure Flame            Conj/Fire      0%         6-21      86%         3
 Inner Flame              Hex/Fire       0%         N/A       86%         3
 Ozocubu's Armour         Ice            0%         N/A       86%         3
 Swiftness                Air            0%         N/A       86%         3
 Tukima's Dance           Hex            0%         N/A       86%         3
 Anguish                  Hex/Necr       0%         N/A       99%         4
 Dispel Undead            Necr           0%         3d6       99%         4
 Flame Wave               Conj/Fire      0%         2d4       99%         4
 Summon Lightning Spire   Summ/Air       0%         N/A       99%         4
 Alistair's Intoxication  Tmut/Pois      0%         N/A       100%        5
 Metabolic Englaciation   Hex/Ice        0%         N/A       100%        5
 Death Channel            Necr           0%         N/A       100%        6
 Simulacrum               Ice/Necr       0%         N/A       100%        6
 Enfeeble                 Hex            0%         N/A       100%        7
 Storm Form               Tmut/Air       0%         N/A       100%        7
 Maxwell's Capacitive Co  Air            0%         ∞         100%        8


Dungeon Overview and Level Annotations

Branches:
Dungeon (11/15)            Temple (1/1) D:4            Lair (0/6) D:11
    Orc (0/2) D:10          Sewer (visited)          Bailey (visited)

Altars:
Ashenzari
Cheibriados
Dithmenos
Elyvilon
Fedhas
Gozag
Hepliaklqana
Kikubaaqudgha
Makhleb
Nemelex Xobeh
Okawaru
Qazlal
Ru
Sif Muna
Trog
Uskayaw
Vehumet
Wu Jian
Xom
Yredelemnul
Zin
The Shining One

Shops:
D:7 [

Annotations:
D:10 3 runed translucent doors, sammy202020's ghost, journeyman DsBe


Innate Abilities, Weirdness & Mutations

You are too large for most types of armour.
You have claws for hands.
Your natural rate of healing is unusually fast.
You are covered in fur. (AC +1)
You have tough skin. (AC +1)


Message History

You tear one of the eight-headed hydra's heads off!
The seven-headed hydra grows two more!
You claw the nine-headed hydra!
The nine-headed hydra is heavily wounded.
The nine-headed hydra bites you. x2
The nine-headed hydra bites you but does no damage.
The nine-headed hydra bites you! x2
* * * LOW HITPOINT WARNING * * *
The nine-headed hydra bites you!
* * * LOW HITPOINT WARNING * * *
The nine-headed hydra barely misses you.
The nine-headed hydra misses you.
The nine-headed hydra barely misses you.
You feel much better.
The nine-headed hydra bites you but does no damage.
The nine-headed hydra bites you. x2
The nine-headed hydra barely misses you.
The nine-headed hydra closely misses you.
The nine-headed hydra bites you!
* * * LOW HITPOINT WARNING * * *
The nine-headed hydra closely misses you.
The nine-headed hydra bites you.
* * * LOW HITPOINT WARNING * * *
The nine-headed hydra bites you but does no damage.
Throw: 4 large rocks
Press: ? - help, Q - select action, (/) - cycle Shift-Dir - straight line, f/p - nine-headed hydra
Aim: a nine-headed hydra (heavily wounded, 81% to hit)
You throw a large rock.
The large rock hits the nine-headed hydra!
The nine-headed hydra is severely wounded.
The nine-headed hydra completely misses you.
The nine-headed hydra bites you!
* * * LOW HITPOINT WARNING * * *
The nine-headed hydra bites you.
* * * LOW HITPOINT WARNING * * *
The nine-headed hydra bites you but does no damage.
The nine-headed hydra completely misses you.
The nine-headed hydra bites you!
* * * LOW HITPOINT WARNING * * *
The nine-headed hydra bites you!
You die...

#..# #..# #..# #..##
.###################....
........................
..................<.....
........................
.(....D@......†...).....
..............>.........
........................
........................
........................
..............^.........
........................
........................
...................


You could see a nine-headed hydra.

Vanquished Creatures
  A boulder beetle (D:8)
  A centaur warrior (D:11)
  A two-headed ogre (D:8)
  Nergalle (D:11)
  Pikel (D:5)
  An orc knight (Bailey)
  2 manticores
  A gargoyle (D:11)
  A cane toad (shapeshifter) (D:9)
  A komodo dragon (D:11)
  3 trolls
  A tarantella (shapeshifter) (D:11)
  The ghost of Psyclone the Chiller, an amateur OpIE (D:5)
  A spriggan (shapeshifter) (D:9)
  2 shadows (D:10)
  A vampire (D:9)
  39 yaks
  3 wraiths
  Grum (D:8)
  3 vampire mosquitoes (D:11)
  3 steam dragons (D:8)
  A two-headed ogre zombie (D:10)
  2 acid dragons (D:9)
  4 orc warriors
  A water moccasin (D:7)
  A black bear (D:6)
  2 sky beasts (D:6)
  3 ogres (D:5)
  2 wolves (D:8)
  A centaur (D:10)
  2 lemures (D:4)
  2 phantoms
  A kobold brigand (D:6)
  Blork the orc (D:5)
  2 necrophages
  A bullfrog (D:8)
  A gnoll sergeant (D:6)
  5 scorpions
  7 wights
  2 troll zombies (D:10)
  3 killer bees (D:10)
  5 howler monkeys
  3 jellies
  6 hounds
  2 gnoll shamans
  4 orc priests
  Ijyb (D:5)
  3 iguanas
  7 orc wizards
  5 ogre zombies (D:10)
  20 gnolls
  4 river rats (Sewer)
  9 adders
  A shadow imp (D:8)
  4 white imps
  2 ufetubi (D:5)
  2 worms
  4 dart slugs
  51 orcs
  5 bats
  6 endoplasms
  7 giant cockroaches
  7 goblins
  5 hobgoblins
  5 jackals
  2 quokkas
  10 ball pythons
  2 frilled lizards
  A goblin skeleton (D:10)
  5 goblin zombies (D:10)
  A hobgoblin skeleton (D:10)
  3 hobgoblin zombies (D:10)
  29 kobolds
  An orc skeleton (D:10)
  14 orc zombies (D:10)
  18 rats
  A bush (Temple)
368 creatures vanquished.

Notes
Turn   | Place    | Note
-------+----------+-------------------------------------------
     0 | D:1      | rabbitsville the Troll Gladiator began the quest for the
                  | Orb.
     0 | D:1      | Reached XP level 1. HP: 19/19 MP: 0/0
    51 | D:1      | Reached XP level 2. HP: 28/28 MP: 1/1
   327 | D:1      | Reached XP level 3. HP: 35/35 MP: 2/2
   490 | D:2      | Found a faded altar of an unknown god.
   933 | D:2      | Reached skill level 4 in Unarmed Combat
   933 | D:2      | Reached XP level 4. HP: 42/42 MP: 3/3
  1193 | D:3      | Reached skill level 1 in Armour
  1210 | D:3      | Reached XP level 5. HP: 49/50 MP: 4/4
  1767 | D:4      | Reached skill level 5 in Unarmed Combat
  1801 | D:4      | Found a hide-covered altar of Uskayaw.
  1808 | D:4      | Reached XP level 6. HP: 52/59 MP: 5/5
  1821 | D:4      | Found a glowing drain.
  1843 | Sewer    | Entered a sewer
  2773 | D:4      | Found a staircase to the Ecumenical Temple.
  2961 | Temple   | Entered the Ecumenical Temple
  3245 | Temple   | Became a worshipper of the Wu Jian Council
  3336 | D:5      | Entered Level 5 of the Dungeon
  3376 | D:5      | Reached skill level 6 in Unarmed Combat
  3376 | D:5      | Reached XP level 7. HP: 43/67 MP: 6/6
  3529 | D:5      | Reached skill level 7 in Unarmed Combat
  3563 | D:5      | Noticed Ijyb
  3571 | D:5      | Killed Ijyb
  3634 | D:5      | Noticed Psyclone's ghost (amateur OpIE)
  3635 | D:5      | Found a transporter.
  3636 | D:5      | Identified the +9 giant spiked club of Mandamus {elec,
                  | *Corrode rC+ Int+2 SInv}
  3667 | D:5      | Found a transporter.
  3711 | D:5      | Noticed Blork the orc
  3722 | D:5      | Killed Blork the orc
  3723 | D:5      | Reached XP level 8. HP: 72/78 MP: 7/7
  3804 | D:5      | Noticed Pikel
  3868 | D:5      | Killed Pikel
  3869 | D:5      | Reached skill level 8 in Unarmed Combat
  4455 | D:6      | Reached skill level 5 in Fighting
  4455 | D:6      | Reached skill level 9 in Unarmed Combat
  4455 | D:6      | Reached XP level 9. HP: 69/88 MP: 8/8
  4774 | D:6      | Reached skill level 5 in Armour
  4793 | D:6      | Reached * piety under Wu Jian
  4820 | D:6      | Reached skill level 10 in Unarmed Combat
  5180 | D:7      | Reached ** piety under Wu Jian
  5428 | D:7      | Reached XP level 10. HP: 94/98 MP: 9/9
  5709 | D:7      | Found Xawaikal's Armour Shop.
  5989 | D:8      | Reached skill level 11 in Unarmed Combat
  6294 | D:8      | Noticed Grum
  6296 | D:8      | Noticed a manticore
  6302 | D:8      | Killed a manticore
  6307 | D:8      | Killed Grum
  6383 | D:8      | Noticed a boulder beetle
  6396 | D:8      | Killed a boulder beetle
  6453 | D:8      | Reached skill level 12 in Unarmed Combat
  6490 | D:8      | Noticed a two-headed ogre
  6494 | D:8      | Killed a two-headed ogre
  6494 | D:8      | Reached *** piety under Wu Jian
  6654 | D:8      | Reached XP level 11. HP: 85/109 MP: 10/10
  7336 | D:9      | Reached skill level 5 in Throwing
  7904 | D:10     | Entered Level 10 of the Dungeon
  7904 | D:10     | Found a runed translucent gate.
  7904 | D:10     | Found a runed translucent gate.
  7908 | D:10     | Found a runed translucent gate.
  7909 | D:10     | Noticed a centaur warrior
  7910 | D:10     | Noticed sammy202020's ghost (journeyman DsBe)
  7919 | D:10     | Reached skill level 13 in Unarmed Combat
  7946 | D:10     | Found a staircase to the Orcish Mines.
  7982 | D:10     | Reached **** piety under Wu Jian
  8160 | D:10     | Found a flagged portal.
  8175 | Bailey   | Entered a bailey
  8369 | Bailey   | Noticed an orc knight
  8377 | Bailey   | Killed an orc knight
  8443 | Bailey   | Reached ***** piety under Wu Jian
  9155 | D:11     | Noticed a centaur warrior
  9457 | D:5      | Killed Psyclone's ghost
  9999 | D:11     | Reached skill level 14 in Unarmed Combat
 10047 | D:11     | Reached XP level 12. HP: 116/122 MP: 11/11
 10070 | D:11     | Killed a centaur warrior
 10097 | D:11     | Found a staircase to the Lair.
 10149 | D:11     | Noticed Nergalle
 10154 | D:11     | Killed Nergalle
 10287 | D:11     | Noticed a five-headed hydra
 10296 | D:11     | HP: 2/122 [nine-headed hydra (11)]
 10296 | D:11     | Mangled by a nine-headed hydra

Illustrated notes

Levels and vault maps discovered:
D:1:      minmay_arrival_three_doors, layout_rooms, minmay_misc_feat_diagonals,
          minmay_misc_feat_columns
D:2:      layout_basic, dreamdust_ecumenical_altar_angels_and_demons
D:3:      layout_basic
D:4:      layout_loops_ring, mainiacjoe_overflow_catwalk, temple_hall,
          portal_sewer_entry_d, minmay_misc_feat_tower
D:5:      layout_gridville, gammafunk_ghost_smash, uniq_ijyb, uniq_pikel,
          uniq_blork_the_orc
D:6:      layout_basic
D:7:      minmay_inner_zag, layout_loops_ring, serial_shops, shop_statue,
          amethyst_killhole
D:8:      layout_loops_ring, uniq_grum
D:9:      layout_basic
D:10:     layout_basic, zombieorc2_lemuel, gammafunk_ghost_split, enter_bailey_4
D:11:     layout_long_grid, lair_entry_dummy, st_stairs_12, uniq_nergalle
Temple:   kilobyte_greek_temple

Skill      XL: |  1  2  3  4  5  6  7  8  9 10 11 |
---------------+----------------------------------+-----
Throwing       | 2 4 6 |  6.8
Fighting       | 2 3 4 5 6 7 8 |  8.7
Unarmed Combat | 4 5 6 7 9 10 12 14 | 14.6
Armour         | 1 2 3 4 5 6 |  6.0
Dodging        | |  2.4

Action                   |  1- 3 |  4- 6 |  7- 9 | 10-12 || total
-------------------------+-------+-------+-------+-------++-------
Melee: Unarmed           |    77 |   212 |   221 |   415 ||   925
       Punch             |       |     4 |     8 |    34 ||    46
Throw: Large rock        |       |     2 |     6 |    12 ||    20
       Dart              |       |       |     8 |     9 ||    17
       Boomerang         |       |       |       |     2 ||     2
Invok: Lunge             |       |       |    22 |    67 ||    89
       Whirlwind         |       |       |    14 |    14 ||    28
  Use: Potion            |       |       |     1 |     3 ||     4
 Stab: Sleeping          |       |     1 |     1 |     6 ||     8
       Distracted        |       |       |       |     1 ||     1
Armor: Robe              |    39 |    64 |    49 |    20 ||   172
       Skin              |       |       |       |     9 ||     9
       Steam dragon scal |       |       |       |    74 ||    74
Dodge: Dodged            |    56 |   159 |   100 |   158 ||   473
       Repelled          |       |     3 |       |       ||     3

Table legend: (Time is in decaauts)
 A = Elapsed time spent in this place.
 B = Non-inter-level travel time spent in this place.
 C = Inter-level travel time spent in this place.
 D = Time resting spent in this place.
 E = Time spent auto-exploring this place.
 F = Levels seen in this place.
 G = Mean time per level.
                   A        B        C        D        E       F      G
               +--------+--------+--------+--------+--------+-----+--------+
         Total |  10226 |   9193 |   1033 |    360 |   4557 |  14 |  730.4 |
       Dungeon |   9044 |   8052 |    992 |    351 |   4188 |  11 |  822.2 |
        Temple |    324 |    283 |     41 |      0 |    167 |   1 |  324.0 |
         Sewer |    502 |    502 |      0 |      0 |    156 |   1 |  502.0 |
        Bailey |    354 |    354 |      0 |      9 |     45 |   1 |  354.0 |
               +--------+--------+--------+--------+--------+-----+--------+

Top non-repeatable levels by time:
     D:8: 1167 daAuts
     D:5: 1101 daAuts
    D:10: 950 daAuts
     D:9: 927 daAuts
     D:7: 885 daAuts
     D:6: 885 daAuts
     D:4: 868 daAuts
     D:3: 788 daAuts
     D:2: 618 daAuts
   Sewer: 502 daAuts
     D:1: 472 daAuts
    D:11: 380 daAuts
  Bailey: 354 daAuts
  Temple: 324 daAuts
